 Dungeon Crawl Stone Soup version 0.26.1-11-gd32895ea62 (webtiles) character file.

Game seed: 2790616027427913026

324 Zeld the Slasher (level 6, 0/63 HPs)
             Began as an Octopode Monk on May 19, 2021.
             Succumbed to a scorpion's poison
             ... on level 4 of the Dungeon.
             The game lasted 00:04:38 (5198 turns).

Zeld the Slasher (Octopode Monk)                    Turns: 5198, Time: 00:04:38

Health: 0/63       AC: 23    Str: 12    XL:     6   Next: 48%
Magic:  6/6        EV:  2    Int: 12    God:
Gold:   200        SH:  0    Dex: 15    Spells: 5/5 levels left

rFire    . . .     SeeInvis .   a - +0 falchion
rCold    . . .     Faith    .   (no shield)
rNeg     + + +     Spirit   .   (helmet currently unavailable)
rPois    +         Reflect  .   (no amulet)
rElec    .         Harm     .   (no ring)
rCorr    .         Rampage  .   (no ring)
Will     .....     NoTele   +   (no ring)
Stlth    ++........             (no ring)
HPRegen  0.20/turn              (no ring)
MPRegen  0.10/turn              (no ring)
                                (no ring)
                                (no ring)

@: lethally poisoned (0 -> -20), tree-form
A: almost no armour, stealthy swim, (amphibious), 8 rings, (constrict 8)
a: no special abilities


You were on level 4 of the Dungeon.
You were a tree.
You visited 1 branch of the dungeon, and saw 4 of its levels.

You collected 200 gold pieces.

Inventory:

Hand Weapons
 a - a +0 falchion (weapon)
Jewellery
 p - an uncursed ring of positive energy {unknown}
Wands
 q - a wand of random effects (17)
Scrolls
 b - 2 scrolls of blinking {unknown}
 d - 7 scrolls of identify {unknown}
 f - 2 scrolls of teleportation {unknown}
 i - 2 scrolls of amnesia {unknown}
 j - 2 scrolls of immolation {unknown}
 l - a scroll of random uselessness {unknown}
 m - a scroll of fog {unknown}
Potions
 c - a potion of lignification
 e - a potion of curing {unknown}
 g - 2 potions of cancellation {unknown}
 h - a potion of brilliance {unknown}
 k - a potion of attraction {unknown}
 n - a potion of heal wounds {unknown}
 o - a potion of degeneration {unknown}


   Skills:
 - Level 3.0 Fighting
 * Level 7.1 Long Blades
 - Level 3.0 Dodging
 - Level 2.6 Stealth


You had 5 spell levels left.
You didn't know any spells.
Your spell library contained the following spells:

 Spells                   Type           Power        Failure   Level
 Confusing Touch          Hex            0%           69%         3
 Gell's Gravitas          Tloc           0%           69%         3
 Petrify                  Tmut/Erth      0%           97%         4
 Metabolic Englaciation   Hex/Ice        0%           100%        5
 Yara's Violent Unravell  Hex/Tmut       0%           100%        5


Dungeon Overview and Level Annotations

Branches:
Dungeon (4/15)
 Temple: D:4-7

Altars:
Ashenzari
Elyvilon
Fedhas
Ru


Innate Abilities, Weirdness & Mutations

You cannot wear most types of armour.
You are very stealthy in the water. (Stealth+)
((You are amphibious.))
You can wear up to eight rings at the same time.
((You can use your tentacles to constrict eight enemies at once.))
((Your skin changes colour to match your surroundings (Stealth+).))
((Your rubbery body absorbs attacks. (AC +1, EV +1)))


Message History

You hit the scorpion.
The scorpion is moderately wounded.
You constrict the scorpion.
You feel sick. The scorpion stings you!
* * * LOW HITPOINT WARNING * * *
You hit the scorpion.
The scorpion is heavily wounded.
You constrict the scorpion.
* * * LOW HITPOINT WARNING * * *
You feel sick. The scorpion misses you.
You hit the scorpion but do no damage.
The scorpion is severely wounded.
You constrict the scorpion, but do no damage.
* * * LOW HITPOINT WARNING * * *
You feel sick. The scorpion stings you!
* * * LOW HITPOINT WARNING * * *
You are more poisoned.
The scorpion poisons you!
It was a potion of lignification.
You turn into a tree.
Your roots penetrate the ground.
You lose your grip on the scorpion.
You die...

####......(..........
#......#.....>....
#..##.####?......
#.......##.....#
##..#..........#
#####.........# #
#.#.........# ...
#............#.....
##.........♣†.[...(
#..........s.....?
####....!.....#...
#...........## .
..............
#..............#
#..#.....####.##
#.####### .#


You could see a scorpion.

Vanquished Creatures
  2 orc priests (D:3)
  A worker ant (D:4)
  Robin (D:3)
  9 adders
  2 oozes
  An adder skeleton (D:4)
  6 worms
  A dart slug (D:3)
  4 leopard geckos
  8 orcs
  A ball python (D:2)
  7 bats
  5 giant cockroaches
  23 goblins
  12 hobgoblins
  14 kobolds
  2 frilled lizards
  A quokka skeleton (D:2)
  9 rats
109 creatures vanquished.

Vanquished Creatures (others)
  3 plants (D:3)
3 creatures vanquished.

Grand Total: 112 creatures vanquished

Notes
Turn   | Place    | Note
-------+----------+-------------------------------------------
     0 | D:1      | Zeld the Octopode Monk began the quest for the Orb.
     0 | D:1      | Reached XP level 1. HP: 16/16 MP: 1/1
    77 | D:1      | Reached XP level 2. HP: 21/21 MP: 2/2
   306 | D:1      | Reached skill level 4 in Long Blades
   335 | D:1      | Reached XP level 3. HP: 25/26 MP: 3/3
  1580 | D:2      | Reached XP level 4. HP: 29/31 MP: 4/4
  1644 | D:2      | Reached skill level 5 in Long Blades
  3005 | D:3      | Reached XP level 5. HP: 20/36 MP: 5/5
  3491 | D:3      | Reached skill level 6 in Long Blades
  4019 | D:3      | Reached XP level 6. HP: 23/42 MP: 6/6
  4072 | D:3      | Noticed Robin
  4101 | D:3      | Killed Robin
  4317 | D:3      | Found a blossoming altar of Fedhas.
  4317 | D:3      | Found a broken altar of Ashenzari.
  4320 | D:3      | Found a white marble altar of Elyvilon.
  4952 | D:4      | Found a sacrificial altar of Ru.
  5035 | D:4      | Reached skill level 7 in Long Blades
  5197 | D:4      | HP: 1/42 [scorpion (7)]
  5198 | D:4      | Succumbed to a scorpion's poison

Illustrated notes

Levels and vault maps discovered:
D:1:      dpeg_arrival_arbitrary_a, layout_loops_corners, minmay_3d_cube
D:2:      layout_loops_corners
D:3:      layout_loops_ring, grunt_temple_overflow_open, serial_bayou_pond_a,
          minmay_fractal_squares_5, uniq_robin
D:4:      layout_cave_pools, lemuel_coloured_pillars_altar, serial_column_ruins,
          column_ruins_temple_circle, column_ruins_square_large,
          column_ruins_open_tiny, column_ruins_columns_straight,
          column_ruins_open_small_water

Skill      XL: |  1  2  3  4  5  6 |
---------------+-------------------+-----
Long Blades    | 4 5 6 7 |  7.1
Fighting       | |  3.0
Dodging        | |  3.0
Stealth        | |  2.6

Action                   |  1- 3 |  4- 6 || total
-------------------------+-------+-------++-------
Melee: Falchion          |    67 |   154 ||   221
       Tentacles         |    12 |    36 ||    48
       Constrict         |    20 |    54 ||    74
  Use: Potion            |       |     1 ||     1
 Stab: Sleeping          |    12 |    18 ||    30
Armor: Skin              |     1 |    10 ||    11
Dodge: Dodged            |    44 |    90 ||   134
       Rpst.: Falchion   |    17 |    15 ||    32
